 Dungeon Crawl Stone Soup version 0.31-a0-177-g4aa6249778 (webtiles) character file.

Game seed: 10929936269586111546

568 qw the Shooter (level 7, -1/64 HPs)
             Began as a Naga Hunter on June 18, 2023.
             Slain by a gnoll
             ... wielding a +0 flail
             ... led by a gnoll bouda
              (6 damage)
             ... on level 4 of the Dungeon.
             The game lasted 00:01:16 (3058 turns).

qw the Shooter (Naga Hunter)                        Turns: 3058, Time: 00:01:16

Health: -1/64      AC:  8    Str: 13    XL:     7   Next: 33%
Magic:  7/7        EV: 10    Int: 10    God:
Gold:   218        SH:  0    Dex: 16    Spells: 6/6 levels left

rFire   . . .        Y - +0 shortbow
rCold   . . .        (shield currently unavailable)
rNeg    . . .        c - +0 leather armour
rPois   +            b - +2 helmet
rElec   .            (no cloak)
rCorr   .            e - +1 pair of gloves
SInv    +            (no barding)
Will    .....        (no amulet)
Stlth   ++           (no ring)
HPRegen 0.30/turn    (no ring)
MPRegen 0.10/turn

%: no passive effects
@: short of breath, very slow
A: AC +2, large, see invisible, deformed body, poison resistance, slowness 2,
spit poison 1, naga tail 1
a: Spit Poison


You were on level 4 of the Dungeon.
You visited 1 branch of the dungeon, and saw 7 of its levels.

You collected 218 gold pieces.


Innate Abilities, Weirdness & Mutations

Your serpentine skin is tough. (AC +2)
You have supernaturally acute eyesight. (SInv)
Armour fits poorly on your strangely shaped body.
Your system is resistant to poisons. (rPois)
You cover ground very slowly.
You can spit poison.
You have a snake-like lower body.


   Skills:
 - Level 4.0 Fighting
 - Level 7.0 Ranged Weapons
 + Level 0.2 Armour
 - Level 2.0 Dodging
 - Level 1.5 Stealth


You had 6 spell levels left.
You didn't know any spells.
Your spell library was empty.

Inventory:

Hand Weapons
 Y - a +0 shortbow (weapon)
Armour
 b - a +2 helmet (worn)
 c - a +0 leather armour (worn)
 e - a +1 pair of gloves (worn)
Jewellery
 k - a ring of resist corrosion
Scrolls
 a - a scroll of identify
Potions
 d - a potion of resistance
 f - a potion of enlightenment
 g - a potion of mutation
 h - 2 potions of curing
 i - a potion of lignification {unknown}
 j - a potion of invisibility {unknown}

Dungeon Overview and Level Annotations

Branches:
Dungeon (7/15)
 Temple: D:4-7

Altars:

Shops:
D:1 ?

Annotations:
D:4 Dowan, Duvessa


Message History

Aiming: Spit Poison (1% risk of failure)
Press: ? - help, Shift-Dir - straight line, f/p - gnoll The splash of poison hits the gnoll!
The gnoll is poisoned.
You kill the gnoll!
The gnoll closely misses you.
Your Dodging skill increases to level 2!
You shoot an arrow. The arrow hits the gnoll!
You kill the gnoll!
You shoot an arrow. The arrow hits the gnoll.
The gnoll is moderately wounded.
The gnoll hits you with a +0 flail.
You shoot an arrow. The arrow barely misses the gnoll.
The arrow barely misses Duvessa.
You have got your breath back.
The gnoll hits you with a +0 flail!
Dowan mumbles some strange words.
Dowan blinks!
3054 ||| INVOKING Spit Poison.
Aiming: Spit Poison (1% risk of failure)
Press: ? - help, Shift-Dir - straight line, f/p - gnoll The splash of poison misses the gnoll.
Duvessa hits you with a +0 rapier. The gnoll hits you with a +0 flail!
Duvessa hits you with a +0 rapier!
Dowan mumbles some strange words.
Dowan blinks!
You shoot an arrow. The arrow hits the gnoll.
The gnoll is heavily wounded.
Duvessa hits you with a +0 rapier. The gnoll misses you.
Duvessa barely misses you.
You shoot an arrow. The arrow hits the gnoll.
The gnoll is severely wounded.
The gnoll hits you with a +0 flail. Duvessa hits you but does no damage.
You shoot an arrow. The arrow barely misses the gnoll.
The arrow hits the gnoll!
The gnoll is severely wounded.
Duvessa hits you with a +0 rapier. The gnoll hits you with a +0 flail!
Duvessa barely misses you.
You shoot an arrow. The arrow hits the gnoll.
The gnoll is severely wounded.
The gnoll is no longer moving quickly.
The gnoll hits you with a +0 flail.
You die... ###.# #.# .# #.## #.# #..# ee#

##.## g.# #..### g.
##...### .#
######...#####)###...
.............@gg...e.#
###########.##e#####.#
#>....... #########


You could see Duvessa (fast), Dowan and 2 gnolls.

Vanquished Creatures
  2 phantoms (D:3)
  A scorpion (D:5)
  2 jellies
  A gnoll bouda (D:4)
  2 iguanas
  6 gnolls
  8 adders
  2 dart slugs
  A worm (D:2)
  4 orcs (D:3)
  7 endoplasms
  5 giant cockroaches
  6 goblins
  6 hobgoblins
  6 kobolds
  6 ball pythons
  10 bats
  4 frilled lizards
  4 rats
83 creatures vanquished.

Notes
Turn   | Place    | Note
-------+----------+-------------------------------------------
     0 | D:1      | qw the Naga Hunter began the quest for the Orb.
     0 | D:1      | Reached XP level 1. HP: 19/19 MP: 1/1
     0 | D:1      | 0 ||| qw: Version: 0.3-a-5-g6f28e65
     0 | D:1      | 0 ||| qw: Game counter: 576
     0 | D:1      | 0 ||| qw: Always use a shield: true
     0 | D:1      | 0 ||| qw: God list: Okawaru
     0 | D:1      | 0 ||| qw: Allow faded altars: false
     0 | D:1      | 0 ||| qw: Do Orc after D:15 true
     0 | D:1      | 0 ||| qw: Do second Lair branch before Depths: true
     0 | D:1      | 0 ||| qw: Lair rune preference: random
     0 | D:1      | 0 ||| qw: Plans: Normal
     0 | D:1      | 0 ||| PLANNING D:1-11
    22 | D:1      | 22 ||| INVOKING Spit Poison.
    36 | D:1      | Found Yniubroc's Magic Scroll Emporium.
    63 | D:1      | Reached skill level 4 in Ranged Weapons
    63 | D:1      | Reached XP level 2. HP: 26/26 MP: 2/2
    67 | D:1      | 67 ||| INVOKING Spit Poison.
    86 | D:1      | 86 ||| INVOKING Spit Poison.
   100 | D:1      | 100 ||| INVOKING Spit Poison.
   103 | D:1      | Found a faded altar of an unknown god.
   113 | D:1      | 113 ||| INVOKING Spit Poison.
   130 | D:1      | 130 ||| INVOKING Spit Poison.
   135 | D:1      | 135 ||| INVOKING Spit Poison.
   154 | D:1      | 154 ||| INVOKING Spit Poison.
   158 | D:1      | 158 ||| INVOKING Spit Poison.
   167 | D:1      | 167 ||| INVOKING Spit Poison.
   172 | D:1      | 172 ||| INVOKING Spit Poison.
   248 | D:1      | 248 ||| SHOPLISTING scroll of enchant weapon (105 gold,
                  | have 18).
   248 | D:1      | 248 ||| SHOPLISTING scroll of identify (28 gold, have 18).
   270 | D:1      | Reached XP level 3. HP: 32/32 MP: 3/3
   273 | D:1      | 273 ||| INVOKING Spit Poison.
   366 | D:1      | 366 ||| INVOKING Spit Poison.
   384 | D:1      | 384 ||| INVOKING Spit Poison.
   388 | D:1      | 388 ||| INVOKING Spit Poison.
   475 | D:1      | 475 ||| INVOKING Spit Poison.
   494 | D:1      | 494 ||| UPGRADING to +0 helmet.
   499 | D:1      | 499 ||| READING 6 scrolls labelled BUNLORGHA WURIPT.
   500 | D:1      | 500 ||| READING scroll labelled XENYAJ XAFINO.
   501 | D:1      | 501 ||| READING scroll labelled IPTENOIRYE.
   602 | D:1      | 602 ||| READING 5 scrolls of identify.
   602 | D:1      | 602 ||| IDENTIFYING yellow potion
   603 | D:1      | 603 ||| READING 4 scrolls of identify.
   603 | D:1      | 603 ||| IDENTIFYING fizzy yellow potion
   604 | D:1      | 604 ||| DROPPING scroll of butterflies.
   605 | D:1      | 605 ||| DROPPING potion of degeneration.
   650 | D:2      | 650 ||| INVOKING Spit Poison.
   653 | D:2      | 653 ||| INVOKING Spit Poison.
   797 | D:2      | 797 ||| INVOKING Spit Poison.
   801 | D:2      | 801 ||| INVOKING Spit Poison.
   808 | D:2      | Reached skill level 5 in Ranged Weapons
   808 | D:2      | Reached XP level 4. HP: 39/39 MP: 4/4
   811 | D:2      | 811 ||| INVOKING Spit Poison.
   816 | D:2      | 816 ||| INVOKING Spit Poison.
   822 | D:2      | 822 ||| INVOKING Spit Poison.
   896 | D:2      | 896 ||| INVOKING Spit Poison.
   900 | D:2      | 900 ||| INVOKING Spit Poison.
   914 | D:2      | 914 ||| INVOKING Spit Poison.
   917 | D:2      | 917 ||| INVOKING Spit Poison.
   922 | D:2      | 922 ||| INVOKING Spit Poison.
   990 | D:2      | 990 ||| INVOKING Spit Poison.
  1165 | D:2      | 1165 ||| Stepping ~*~*~tactically~*~*~ (outnumbered).
  1167 | D:2      | 1167 ||| Stepping ~*~*~tactically~*~*~ (outnumbered).
  1168 | D:2      | 1168 ||| INVOKING Spit Poison.
  1172 | D:2      | 1172 ||| INVOKING Spit Poison.
  1176 | D:2      | 1176 ||| INVOKING Spit Poison.
  1177 | D:2      | Reached skill level 3 in Fighting
  1182 | D:2      | 1182 ||| INVOKING Spit Poison.
  1186 | D:2      | Reached XP level 5. HP: 24/49 MP: 5/5
  1186 | D:2      | 1186 ||| INVOKING Spit Poison.
  1191 | D:2      | HP: 9/49 [gnoll/+0 spear (5)]
  1192 | D:2      | 1192 ||| INVOKING Spit Poison.
  1362 | D:2      | 1362 ||| INVOKING Spit Poison.
  1368 | D:2      | 1368 ||| INVOKING Spit Poison.
  1420 | D:2      | 1420 ||| UPGRADING to +2 helmet.
  1430 | D:2      | 1430 ||| DROPPING +0 helmet.
  1431 | D:2      | 1431 ||| READING scroll labelled FIKKEM PEMAEHO.
  1432 | D:2      | 1432 ||| READING scroll labelled QOCYIHIA JAAP.
  1433 | D:2      | 1433 ||| READING 2 scrolls labelled MOTRAUR BERO.
  1434 | D:2      | 1434 ||| DROPPING scroll of poison.
  1448 | D:3      | 1448 ||| INVOKING Spit Poison.
  1548 | D:3      | 1548 ||| INVOKING Spit Poison.
  1572 | D:3      | 1572 ||| INVOKING Spit Poison.
  1591 | D:3      | Noticed a phantom
  1623 | D:3      | HP: 11/49 [phantom (3)]
  1625 | D:3      | HP: 5/49 [phantom (6)]
  1627 | D:3      | Killed a phantom
  1628 | D:3      | Reached skill level 6 in Ranged Weapons
  1628 | D:3      | Reached XP level 6. HP: 6/56 MP: 6/6
  1862 | D:3      | 1862 ||| INVOKING Spit Poison.
  1863 | D:3      | 1863 ||| Stepping ~*~*~tactically~*~*~ (outnumbered).
  1867 | D:3      | 1867 ||| INVOKING Spit Poison.
  1873 | D:3      | 1873 ||| INVOKING Spit Poison.
  1877 | D:3      | 1877 ||| INVOKING Spit Poison.
  2101 | D:3      | 2101 ||| INVOKING Spit Poison.
  2265 | D:3      | 2265 ||| INVOKING Spit Poison.
  2279 | D:3      | 2279 ||| READING scroll labelled OWNAIL YMAL.
  2282 | D:3      | 2282 ||| READING 4 scrolls of identify.
  2282 | D:3      | 2282 ||| IDENTIFYING sapphire potion
  2283 | D:3      | 2283 ||| READING 3 scrolls of identify.
  2283 | D:3      | 2283 ||| IDENTIFYING cyan potion
  2297 | D:4      | 2297 ||| INVOKING Spit Poison.
  2326 | D:4      | 2326 ||| INVOKING Spit Poison.
  2337 | D:4      | 2337 ||| INVOKING Spit Poison.
  2353 | D:4      | 2353 ||| INVOKING Spit Poison.
  2356 | D:4      | 2356 ||| INVOKING Spit Poison.
  2364 | D:4      | You fall into a shaft and drop 3 floors!
  2508 | D:7      | 2508 ||| INVOKING Spit Poison.
  2511 | D:7      | 2511 ||| INVOKING Spit Poison.
  2517 | D:7      | 2517 ||| INVOKING Spit Poison.
  2520 | D:7      | 2520 ||| INVOKING Spit Poison.
  2523 | D:7      | 2523 ||| INVOKING Spit Poison.
  2524 | D:7      | 2524 ||| INVOKING Spit Poison.
  2707 | D:7      | 2707 ||| UPGRADING to +0 pair of gloves.
  2712 | D:7      | 2712 ||| READING 2 scrolls of identify.
  2712 | D:7      | 2712 ||| IDENTIFYING fuming purple potion
  2762 | D:5      | Entered Level 5 of the Dungeon
  2866 | D:5      | 2866 ||| READING scroll of enchant armour.
  2866 | D:5      | 2866 ||| ENCHANTING +0 pair of gloves.
  2895 | D:5      | 2895 ||| INVOKING Spit Poison.
  2902 | D:5      | 2902 ||| INVOKING Spit Poison.
  2908 | D:5      | 2908 ||| INVOKING Spit Poison.
  2909 | D:5      | Reached XP level 7. HP: 59/64 MP: 7/7
  2966 | D:4      | 2966 ||| INVOKING Spit Poison.
  2973 | D:4      | 2973 ||| INVOKING Spit Poison.
  2983 | D:4      | 2983 ||| INVOKING Spit Poison.
  2986 | D:4      | 2986 ||| INVOKING Spit Poison.
  3032 | D:4      | Reached skill level 7 in Ranged Weapons
  3041 | D:4      | 3041 ||| INVOKING Spit Poison.
  3041 | D:4      | Noticed Dowan
  3042 | D:4      | 3042 ||| Stepping ~*~*~tactically~*~*~ (outnumbered).
  3043 | D:4      | Noticed Duvessa
  3045 | D:4      | 3045 ||| Stepping ~*~*~tactically~*~*~ (outnumbered).
  3047 | D:4      | 3047 ||| INVOKING Spit Poison.
  3050 | D:4      | 3050 ||| INVOKING Spit Poison.
  3054 | D:4      | 3054 ||| INVOKING Spit Poison.
  3057 | D:4      | HP: 14/64 [Duvessa/+0 rapier (3)]
  3057 | D:4      | HP: 5/64 [gnoll/+0 flail[a gnoll bouda] (9)]
  3058 | D:4      | Slain by a gnoll

Levels and vault maps discovered:
D:1:      lemuel_arrival_rhombus, layout_rooms, basic_ecumenical_altar,
          serial_shops, nicolae_shop_window_shopping
D:2:      layout_basic, minmay_quantized
D:3:      layout_loops_cross
D:4:      layout_basic, uniq_pikel, uniq_duvessa
D:5:      layout_cave_pools, nicolae_overflow_quartered_altars, serial_bayou,
          serial_bayou_pond_a, serial_bayou_pond_e, serial_bayou_lake_a,
          serial_bayou_shore_b
D:6:      kennysheep_housing_project, layout_basic,
          minmay_temple_entry_nine_rooms, serial_glass, glass_columns_a,
          glass_columns_c, glass_columns_b, uniq_edmund, uniq_eustachio,
          uniq_menkaure
D:7:      layout_layer_cave, uniq_joseph

Skill      XL: |  1  2  3  4  5  6  7 |
---------------+----------------------+-----
Ranged Weapons | 4 5 6 7 |  7.0
Fighting       | 3 4 |  4.0
Dodging        | 2 |  2.0
Armour         | |  0.2
Stealth        | |  1.5

Action                     |  1- 3 |  4- 6 |  7- 9 || total
---------------------------+-------+-------+-------++-------
   Fire: Shortbow          |    58 |   139 |    28 ||   225
Ability: Spit Poison       |    20 |    39 |     8 ||    67
    Use: Scroll            |     5 |     8 |       ||    13
 Armour: Leather armour    |     3 |    30 |     7 ||    40
  Dodge: Dodged            |     6 |    57 |    12 ||    75

Table legend:
 A = Non-vault XP
 B = Vault XP
 C = Vault XP percentage of total XP
 D = Non-vault monster count
 E = Vault monster count
 F = Vault count percentage of total count
                 A         B        C        D         E       F
            +---------+---------+-------+---------+---------+-------
      Total |     788 |      24 |   3.0 |      76 |       7 |   8.4
            +---------+---------+-------+---------+---------+-------
        D:1 |      47 |       0 |   0.0 |      29 |       0 |   0.0
        D:2 |     137 |      24 |  14.9 |      20 |       7 |  25.9
        D:3 |     236 |       0 |   0.0 |      13 |       0 |   0.0
        D:4 |     184 |       0 |   0.0 |      10 |       0 |   0.0
        D:5 |     149 |       0 |   0.0 |       3 |       0 |   0.0
        D:7 |      35 |       0 |   0.0 |       1 |       0 |   0.0
            +---------+---------+-------+---------+---------+-------
